 Dungeon Crawl Stone Soup version 0.30-a0-54-g2e61a25929 (webtiles) character file.

Game seed: 9465479599087301737

177 jlumianski the Chopper (level 5, -1/39 HPs)
             Began as a Demonspawn Gladiator on Sept 8, 2022.
             Slain by a river rat (5 damage)
             ... on level 3 of the Dungeon.
             The game lasted 00:06:16 (1944 turns).

jlumianski the Chopper (Demonspawn Gladiator)       Turns: 1944, Time: 00:06:17

Health: -1/39      AC:  7    Str: 17    XL:     5   Next: 30%
Magic:  5/5        EV: 10    Int:  9    God:
Gold:   66         SH:  0    Dex: 14    Spells: 4/4 levels left

rFire   . . .      SeeInvis .    a - +1 war axe
rCold   . . .      Faith    .    (no shield)
rNeg    . . .      Spirit   .    j - +0 scale mail
rPois   .          Reflect  .    c - +0 helmet
rElec   .          Harm     .    (no cloak)
rCorr   .          Rampage  .    (no gloves)
Will    .....                    (no boots)
Stlth   ..........               (no amulet)
HPRegen 0.13/turn                s - ring of flight
MPRegen 0.09/turn                (no ring)

@: flying
A: hooves 2
a: no special abilities


You were on level 3 of the Dungeon.
You visited 1 branch of the dungeon, and saw 3 of its levels.

You collected 66 gold pieces.

Inventory:

Hand Weapons
 a - a +1 war axe (weapon)
 f - a +0 sling
Missiles
 d - 3 throwing nets
 e - a javelin
 l - 21 stones
 q - 11 boomerangs (quivered)
Armour
 b - a +0 leather armour
 c - a +0 helmet (worn)
 h - a +0 ring mail
 j - a +0 scale mail (worn)
Jewellery
 s - a ring of flight (left hand)
Scrolls
 g - 2 scrolls of immolation
 i - a scroll of fog {unknown}
 r - a scroll of noise
Potions
 o - a potion of attraction {unknown}


   Skills:
 + Level 2.5 Fighting
 + Level 4.3 Axes
 + Level 1.9 Throwing
 + Level 1.7 Armour
 + Level 3.2 Dodging
 + Level 0.6 Stealth


You had 4 spell levels left.
You didn't know any spells.
Your spell library contained the following spells:

 Spells                   Type           Power      Damage    Failure   Level
 Sandblast                Erth           0%         2d4       80%         1
 Passwall                 Tmut/Erth      0%         N/A       91%         2
 Stone Arrow              Conj/Erth      0%         3d7       99%         3


Dungeon Overview and Level Annotations

Branches:
Dungeon (3/15)

Altars:


Innate Abilities, Weirdness & Mutations

You have hoof-like feet.


Message History

You see here an adder corpse.
You see here an adder corpse.
An adder comes into view.
The adder hisses angrily.
The adder moves out of view.
A worm comes into view.
The adder bites you but does no damage.
You closely miss the adder. You kick the adder.
The adder is lightly wounded.
The adder bites you but does no damage. The adder completely misses you.
You hit the adder. You kick the adder!
You kill the adder!
You see here an adder corpse.
You slash the worm! Your kick misses the worm.
The worm is heavily wounded.
The worm closely misses you.
You barely miss the worm.
The worm is heavily wounded.
The worm bites you.
You hit the worm. You kick the worm.
The worm is almost dead.
The worm bites you but does no damage.
You hit the worm.
You kill the worm!
You see here a worm corpse.
You see here a worm corpse.
A worm and 2 river rats come into view.
The river rat bites you.
* * * LOW HITPOINT WARNING * * *
You aren't carrying any items that you can evoke.
You slash the river rat!
You kick the river rat, but do no damage.
The river rat is heavily wounded.
You slash the river rat!
The river rat is heavily wounded.
You hit the river rat but do no damage. The river rat bites you!
* * * LOW HITPOINT WARNING * * *
The river rat barely misses you. The river rat closely misses you.
The river rat bites you.
You die...

#.~≈##........########.########.#
.~.≈...######## #.# #.# ..~≈####
###### #.# #.# ...≈# #~~#.# #.#
#.# #..≈# ##~#~# #.# #.# #.#≈#
##~#w# #.# #.# #.### #~~#~# ..
#.# #.###### #†##r# #. #.#
.......## # #~~r@# #.#######.#
#.###...# #~#†#### #.#.......#
#.# #..## #~~~~†~# #.#.#######
#.# #..#########†# #.#.#
#.###...†~~~~~~~~# #...#
........~~#~#~##### ###.#
#####....~.†~~~~..# #.# #
#........~....# #.# .
#.............# #.#


You could see a worm and 2 river rats.

Vanquished Creatures
  A scorpion (D:3)
  5 adders
  A river rat (D:3)
  4 worms (D:3)
  A dart slug (D:3)
  7 orcs (D:3)
  A giant cockroach (D:2)
  2 goblins
  4 hobgoblins
  A quokka (D:1)
  5 ball pythons
  4 bats
  A frilled lizard (D:3)
  4 kobolds
  3 rats
44 creatures vanquished.

Vanquished Creatures (others)
  8 demonic plants (D:1)
  4 fungi (D:1)
  34 plants
  5 withered plants (D:1)
51 creatures vanquished.

Grand Total: 95 creatures vanquished

Notes
Turn   | Place    | Note
-------+----------+-------------------------------------------
     0 | D:1      | jlumianski the Demonspawn Gladiator began the quest for the
                  | Orb.
     0 | D:1      | Reached XP level 1. HP: 16/16 MP: 1/1
    50 | D:1      | Found a faded altar of an unknown god.
   878 | D:2      | Discovered your monstrous ancestry.
   878 | D:2      | Gained mutation: You have large cloven feet. [demonic
                  | ancestry]
   878 | D:2      | Reached XP level 2. HP: 21/22 MP: 2/2
  1035 | D:2      | Reached skill level 3 in Axes
  1040 | D:2      | Gained mutation: You have hoof-like feet. [demonic
                  | ancestry]
  1040 | D:2      | Reached XP level 3. HP: 18/27 MP: 3/3
  1520 | D:3      | Noticed a scorpion
  1543 | D:3      | Killed a scorpion
  1544 | D:3      | Reached skill level 1 in Armour
  1544 | D:3      | Reached XP level 4. HP: 13/34 MP: 4/4
  1875 | D:3      | Reached skill level 4 in Axes
  1881 | D:3      | Reached XP level 5. HP: 38/39 MP: 5/5
  1944 | D:3      | Slain by a river rat

Illustrated notes

Levels and vault maps discovered:
D:1:      dpeg_arrival_erosion, layout_basic, shapermc_ecumenical_altar_gd
D:2:      layout_basic
D:3:      layout_loops_ring, lightli_sewer_entry_pipes, st_stairs_7,
          chequers_serial_rivers_micro_e, serial_bayou_lagoon_a,
          kennysheep_donut, minmay_misc_feat_room

Skill      XL: |  1  2  3  4 |
---------------+-------------+-----
Dodging        | 3 |  3.2
Axes           | 3 4 |  4.3
Armour         | 1 |  1.7
Fighting       | |  2.5
Throwing       | |  1.9
Stealth        | |  0.6

Action                   |  1- 3 |  4- 6 || total
-------------------------+-------+-------++-------
Melee: War axe           |    82 |    38 ||   120
       Punch             |     3 |       ||     3
       Kick              |    11 |    13 ||    24
Throw: Boomerang         |     1 |       ||     1
  Use: Scroll            |     6 |       ||     6
       Potion            |       |     2 ||     2
Armor: Scale mail        |    41 |    17 ||    58
Dodge: Dodged            |    52 |    31 ||    83

Table legend: (Time is in decaauts)
 A = Elapsed time spent in this place.
 B = Non-inter-level travel time spent in this place.
 C = Inter-level travel time spent in this place.
 D = Time resting spent in this place.
 E = Time spent auto-exploring this place.
 F = Levels seen in this place.
 G = Mean time per level.
                   A        B        C        D        E       F      G
               +--------+--------+--------+--------+--------+-----+--------+
         Total |   1983 |   1935 |     48 |      0 |   1117 |   3 |  661.0 |
       Dungeon |   1983 |   1935 |     48 |      0 |   1117 |   3 |  661.0 |
               +--------+--------+--------+--------+--------+-----+--------+

Top non-repeatable levels by time:
     D:1: 829 daAuts
     D:3: 764 daAuts
     D:2: 390 daAuts
